 Dungeon Crawl Stone Soup version 0.29-a0-11-ga75d3d97ab (webtiles) character file.

Game seed: 1671714442237518730

416 lunkers the Shooter (level 6, -2/57 HPs)
             Began as a Minotaur Hunter on Jan 29, 2022.
             Succumbed to a killer bee's poison
             ... on level 5 of the Dungeon.
             The game lasted 00:05:15 (2200 turns).

lunkers the Shooter (Minotaur Hunter)               Turns: 2200, Time: 00:05:17

Health: -2/57      AC:  5    Str: 18    XL:     6   Next: 60%
Magic:  5/5        EV: 11    Int:  8    God:
Gold:   80         SH:  0    Dex: 11    Spells: 5/5 levels left

rFire   . . .      SeeInvis .   a - +1 shortbow
rCold   . . .      Faith    .   (shield currently unavailable)
rNeg    . . .      Spirit   .   c - +0 leather armour
rPois   .          Reflect  .   (helmet restricted)
rElec   .          Harm     .   h - +1 cloak
rCorr   .          Rampage  .   (no gloves)
Will    .....                   (no boots)
Stlth   +.........              (no amulet)
HPRegen 0.19/turn               (no ring)
MPRegen 0.09/turn               (no ring)

@: lethally poisoned (-2 -> -17)
A: horns 2, retaliatory headbutt
a: no special abilities


You were on level 5 of the Dungeon.
You visited 1 branch of the dungeon, and saw 4 of its levels.

You collected 80 gold pieces.

Inventory:

Hand Weapons
 a - a +1 shortbow (weapon)
 b - a +0 short sword
Missiles
 d - 25 arrows (quivered ammo)
Armour
 c - a +0 leather armour (worn)
 h - a +1 cloak (worn)
Potions
 e - a potion of mutation {unknown}
 g - a potion of lignification {unknown}
 i - a potion of curing {unknown}
 j - a potion of resistance {unknown}
 k - a potion of cancellation {unknown}
 m - a potion of berserk rage {unknown}


   Skills:
 + Level 6.3 Fighting
 + Level 6.9 Bows
 - Level 2.1 Dodging
 - Level 0.7 Stealth


You had 5 spell levels left.
You didn't know any spells.
Your spell library was empty.

Dungeon Overview and Level Annotations

Branches:
Dungeon (3/15)

Altars:


Innate Abilities, Weirdness & Mutations

You have a pair of horns on your head.
You reflexively headbutt those who attack you in melee.


Message History

Aim: a bullfrog skeleton (moderately damaged, 81% to hit)
You shoot an arrow. The arrow hits the bullfrog skeleton!
The bullfrog skeleton is severely damaged.
The killer bee closely misses you.
The bullfrog skeleton barely misses you.
The killer bee misses you. The killer bee closely misses you.
The bullfrog skeleton closely misses you.
Fire: 28 arrows
Press: ? - help, Q - select action Shift-Dir - straight line, f/p - bullfrog skeleton
Aim: a bullfrog skeleton (severely damaged, 81% to hit)
You shoot an arrow. The arrow hits the bullfrog skeleton.
The bullfrog skeleton is severely damaged.
The killer bee stings you.
* * * LOW HITPOINT WARNING * * *
You are poisoned.
The killer bee poisons you! The killer bee stings you!
* * * LOW HITPOINT WARNING * * *
You are more poisoned.
The killer bee poisons you! The killer bee closely misses you.
The killer bee barely misses you. The bullfrog skeleton hits you.
* * * LOW HITPOINT WARNING * * *
Fire: 27 arrows
Press: ? - help, Q - select action Shift-Dir - straight line, f - killer bee, p - bullfrog skeleton
Aim: a killer bee (heavily wounded, 38% to hit)
You shoot an arrow. The arrow barely misses the killer bee.
* * * LOW HITPOINT WARNING * * *
You feel very sick. The killer bee misses you. You furiously retaliate!
You headbutt the killer bee!
You kill the killer bee!
The killer bee stings you but does no damage. x2
The bullfrog skeleton barely misses you.
You furiously retaliate!
You headbutt the bullfrog skeleton!
You destroy the bullfrog skeleton!
Fire: 26 arrows
Press: ? - help, Q - select action Shift-Dir - straight line, f - killer bee
Aim: a killer bee (38% to hit)
You shoot an arrow. The arrow hits the killer bee.
The killer bee is moderately wounded.
You die...

#.(.(#
##.....
..(...
....# .(.##
.((# #((##
#(†y##
##@[.#
#........
.........
..........
......##...
....)..# ..
......... .
..#........


You could see a killer bee.

Vanquished Creatures
  Sigmund (D:3)
  2 killer bees (D:5)
  A bullfrog skeleton (D:5)
  An iguana (D:5)
  4 adders
  A shadow imp (D:5)
  3 worms
  A dart slug (D:1)
  5 orcs (D:3)
  3 ball pythons
  6 endoplasms (D:1)
  A giant cockroach (D:2)
  10 goblins
  5 hobgoblins
  5 quokkas
  7 bats
  2 frilled lizards
  7 kobolds
  6 rats
71 creatures vanquished.

Vanquished Creatures (others)
  A fungus (D:2)
1 creature vanquished.

Grand Total: 72 creatures vanquished

Notes
Turn   | Place    | Note
-------+----------+-------------------------------------------
     0 | D:1      | lunkers the Minotaur Hunter began the quest for the Orb.
     0 | D:1      | Reached XP level 1. HP: 18/18 MP: 0/0
    97 | D:1      | Reached XP level 2. HP: 25/25 MP: 1/1
   528 | D:1      | Found Ecobrid's Antique Armour Shop.
   546 | D:1      | Reached XP level 3. HP: 31/31 MP: 2/2
   622 | D:1      | Reached skill level 5 in Bows
  1144 | D:2      | Found a faded altar of an unknown god.
  1171 | D:2      | Reached XP level 4. HP: 40/40 MP: 3/3
  1780 | D:3      | Noticed Sigmund
  1787 | D:3      | Killed Sigmund
  1788 | D:3      | Reached skill level 5 in Fighting
  1788 | D:3      | Reached XP level 5. HP: 40/48 MP: 4/4
  2109 | D:3      | Reached XP level 6. HP: 56/56 MP: 5/5
  2178 | D:3      | You fall into a shaft and drop 2 floors!
  2178 | D:5      | Entered Level 5 of the Dungeon
  2199 | D:5      | HP: 1/57 [poisoned by a killer bee]
  2200 | D:5      | Succumbed to a killer bee's poison

Illustrated notes

Levels and vault maps discovered:
D:1:      dpeg_arrival_subterranean_lakeside_camping, layout_basic,
          serial_shops, shop_statue, minmay_tree_intersection
D:2:      minmay_alternating_diamond, layout_loops_ring,
          shapermc_ecumenical_altar_acropolis
D:3:      layout_loops_ring, serial_shops, nicolae_lakefront_shop, minivault_27,
          chequers_serial_rivers_micro_c, uniq_pargi, uniq_sigmund
D:5:      layout_layer_cave

Skill      XL: |  1  2  3  4  5  6 |
---------------+-------------------+-----
Fighting       | 3 4 5 6 |  6.3
Bows           | 5 6 |  6.9
Dodging        | |  2.1
Stealth        | |  0.7

Action                   |  1- 3 |  4- 6 || total
-------------------------+-------+-------++-------
 Fire: Shortbow          |    93 |    80 ||   173
  Use: Scroll            |       |     2 ||     2
Armor: Leather armour    |     8 |    13 ||    21
Dodge: Dodged            |    12 |    30 ||    42

Table legend: (Time is in decaauts)
 A = Elapsed time spent in this place.
 B = Non-inter-level travel time spent in this place.
 C = Inter-level travel time spent in this place.
 D = Time resting spent in this place.
 E = Time spent auto-exploring this place.
 F = Levels seen in this place.
 G = Mean time per level.
                   A        B        C        D        E       F      G
               +--------+--------+--------+--------+--------+-----+--------+
         Total |   2207 |   2142 |     65 |      0 |   1782 |   4 |  551.8 |
       Dungeon |   2207 |   2142 |     65 |      0 |   1782 |   4 |  551.8 |
               +--------+--------+--------+--------+--------+-----+--------+

Top non-repeatable levels by time:
     D:1: 923 daAuts
     D:2: 719 daAuts
     D:3: 543 daAuts
     D:5: 21 daAuts
